 Dungeon Crawl Stone Soup version 0.27.1-34-g3ba077fa99 (webtiles) character file.

Game seed: 134155924963556911

38 growler the Sneak (level 3, -1/29 HPs)
             Began as a Human Delver on Jan 12, 2022.
             Was an Initiate of Qazlal.
             Slain by a polar bear (4 damage)
             ... created by the rage of Trog
             ... on level 3 of the Dungeon.
             The game lasted 00:03:30 (1097 turns).

growler the Sneak (Human Delver)                    Turns: 1097, Time: 00:03:30

Health: -1/29      AC:  4    Str: 13    XL:     3   Next: 65%
Magic:  3/3        EV: 12    Int: 10    God:    Qazlal [......]
Gold:   22         SH:  0    Dex: 14    Spells: 2/2 levels left

rFire    . . .     SeeInvis .   a - +0 short sword
rCold    . . .     Faith    .   (no shield)
rNeg     . . .     Spirit   .   b - +0 leather armour
rPois    .         Reflect  .   h - +0 helmet
rElec    .         Harm     .   (no cloak)
rCorr    .         Rampage  .   (no gloves)
Will     .....                  (no boots)
Stlth    +++.......             (no amulet)
HPRegen  0.09/turn              (no ring)
MPRegen  0.08/turn              (no ring)

@: no status effects
A: no striking features
a: Renounce Religion


You were on level 3 of the Dungeon.
You worshipped Qazlal.
Qazlal was noncommittal.
You visited 2 branches of the dungeon, and saw 4 of its levels.

You collected 22 gold pieces.

Inventory:

Hand Weapons
 a - a +0 short sword (weapon)
Armour
 b - a +0 leather armour (worn)
 h - a +0 helmet (worn)
   (You found it on level 4 of the Dungeon)
Wands
 v - a wand of digging (3)
Scrolls
 c - a scroll of fog
 d - a scroll of holy word {unknown}
 e - a scroll of fear
 i - 2 scrolls of identify {unknown}
 j - a scroll of amnesia {unknown}
Potions
 f - a potion of haste {@q3}
 g - a potion of invisibility {unknown}
 k - a potion of resistance {unknown}


   Skills:
 + Level 3.3 Fighting
 + Level 2.5 Short Blades
 + Level 2.5 Dodging
 + Level 5.3 Stealth


You had 2 spell levels left.
You didn't know any spells.
Your spell library contained the following spells:

 Spells                   Type           Power      Damage    Failure   Level
 Call Canine Familiar     Summ           0%         N/A       82%         3
 Portal Projectile        Hex/Tloc       0%         N/A       82%         3
 Leda's Liquefaction      Hex/Erth       0%         N/A       99%         4


Dungeon Overview and Level Annotations

Branches:
Dungeon (5/15)             Temple (1/1) D:4

Altars:
Ashenzari
Kikubaaqudgha
Qazlal
Trog
Uskayaw
Vehumet
Wu Jian


Message History

Found a scroll labelled GAMURABEUSH.
j - a scroll labelled GAMURABEUSH A kobold comes into view.
It is wielding a +0 whip.
A kobold is nearby!
The kobold hits you with a +0 whip.
You hit the kobold. The kobold misses you.
You completely miss the kobold. The kobold barely misses you.
You hit the kobold but do no damage. The kobold hits you with a +0 whip.
You closely miss the kobold. The kobold hits you with a +0 whip.
You closely miss the kobold. The kobold hits you with a +0 whip.
You hit the kobold. The kobold barely misses you.
You closely miss the kobold. The kobold hits you but does no damage.
You miss the kobold. The kobold barely misses you.
You hit the kobold.
You kill the kobold!
Qazlal accepts your kill.
No target in view!
Things that are here:
a +0 whip; a kobold corpse
Found 2 javelins.
Found a scroll labelled FEDALO BOFIOSM and a fuming white potion.
k - a fuming white potion
i - 2 scrolls labelled FEDALO BOFIOSM (gained 1)
Found 5 gold pieces.
You now have 22 gold pieces (gained 5).
You open the door.
There is an open door here.
There is an open door here.
You open the door.
A ball python comes into view.
A ball python is nearby!
There is an open door here.
Trog sends monsters to punish you. 3 polar bears and a black bear come into view.
The helpless ball python fails to defend itself.
You impale the ball python!!
You kill the ball python!
Qazlal accepts your kill. The polar bear bites you!!
Ouch! That really hurt!
* * * LOW HITPOINT WARNING * * *
The polar bear misses you.
The polar bear claws you but does no damage.
The polar bear misses you. The polar bear claws you.
* * * LOW HITPOINT WARNING * * *
The polar bear closely misses you.
The polar bear rages.
You see here a ball python corpse.
The polar bear bites you.
You die...

#.......#........
#.......#......##
#..........###.##
#######.#........
####.#........
+#####...(.........
#≈≈≈≈#...##........
#≈...#...##........
#≈@h.#.............
#≈hh.#........###..
#≈...#........# #..
#####h........# #..
#............# #..
###............# #..
................# #..
................# ##.
....######.###.######


You could see 3 polar bears and a black bear (berserk).

Vanquished Creatures
  A hound (D:4)
  2 orcs (D:4)
  A ball python (D:3)
  A giant cockroach (D:4)
  2 kobolds (D:3)
  A goblin (D:4)
8 creatures vanquished.

Notes
Turn   | Place    | Note
-------+----------+-------------------------------------------
     0 | D:5      | growler the Human Delver began the quest for the Orb.
     0 | D:5      | Reached XP level 1. HP: 18/18 MP: 1/1
    20 | D:5      | Noticed a wyvern zombie
    31 | D:5      | Noticed a necrophage
    32 | D:5      | Found a bloodstained altar of Trog.
    36 | D:5      | Became a worshipper of Trog the Wrathful
   310 | D:4      | Found a staircase to the Ecumenical Temple.
   324 | D:4      | Fell from the grace of Trog
   340 | Temple   | Entered the Ecumenical Temple
   357 | Temple   | Became a worshipper of Qazlal Stormbringer
   511 | D:4      | Reached XP level 2. HP: 24/24 MP: 2/2
   562 | D:4      | Reached XP level 3. HP: 6/29 MP: 3/3
  1095 | D:3      | Noticed a polar bear
  1095 | D:3      | Noticed a black bear
  1095 | D:3      | Noticed a polar bear
  1095 | D:3      | Noticed a polar bear
  1097 | D:3      | Slain by a polar bear

Illustrated notes

Levels and vault maps discovered:
D:3:      layout_basic, serial_rivers, chequers_serial_rivers_room_a,
          chequers_serial_rivers_room_b, chequers_serial_rivers_room_a,
          chequers_serial_rivers_small_b
D:4:      layout_loops_ring, minmay_temple_entry_antechambers
D:5:      layout_loops_cross, lemuel_crystal_altar, minmay_misc_feat_tiny
Temple:   regret_index_temple_mists

Action                   || total
-------------------------++-------
Melee: Short sword       ||    49
Invok: Renounce Religion ||     1
  Use: Scroll            ||     1
 Stab: Sleeping          ||     2
Armor: Leather armour    ||     7
Dodge: Dodged            ||    43
